PL
LEXINGTON BC @ CALIFORNIA OCEANLINERS
09/27/2017
 
TOP OF THE 1ST
Lexington BC batting - Pitching for California Oceanliners : LHP William Davis
Pitching: LHP William Davis
Batting: RHB Andre Dixon 0-0: Swinging Strike
0-1: Foul Ball, location: 2F
0-2: Ball
1-2: Ball
2-2: Foul Ball, location: 2F
2-2: Ball
3-2: Ground out 4-3 (Groundball, 4)
Batting: RHB José Álvarez 0-0: Ball
1-0: Ball
2-0: Foul Ball, location: 2F
2-1: Called Strike
2-2: Foul Ball, location: 2F
2-2: Ground out 5-3 (Groundball, 5S)
Batting: RHB Júlio Gruzmán 0-0: Ball
1-0: Ball
2-0: Ball
3-0: Called Strike
3-1: Fly out, F2 (Popup, 2RF)
Top of the 1st over - 0 run(s), 0 hit(s), 0 error(s), 0 left on base; Lexington 0 - California 0
BOTTOM OF THE 1ST
California Oceanliners batting - Pitching for Lexington BC : RHP John Hill
Pitching: RHP John Hill
Batting: SHB Todd Schenkel 0-0: Ball
1-0: Ball
2-0: Ball
3-0: Base on Balls
Batting: LHB Kelly Brown 0-0: Ball
Wild Pitch!
Todd Schenkel to second
1-0: Ball
2-0: Called Strike
2-1: Ball
3-1: Called Strike
3-2: Reached on error, E6 (Groundball, 6)
Todd Schenkel to third
Batting: LHB Chris Gregory 0-0: Ball
1-0: Ball
2-0: Ball
3-0: Base on Balls
Kelly Brown to second
Batting: SHB Leonard O'Connor 0-0: Ball
1-0: Ball
2-0: Called Strike
2-1: Foul Ball, location: 2F
2-2: Ball
3-2: SINGLE (Line Drive, 4M)
Todd Schenkel scores
Kelly Brown to third
Chris Gregory to second
Batting: RHB Aurelio Vázquez 0-0: SINGLE (Line Drive, 78S)
Kelly Brown scores
Chris Gregory to third
Leonard O'Connor to second
Runner from 3rd tries for Home, SAFE, no throw or cutoff
Batting: LHB Nick Leonard 0-0: Ball
1-0: Ball
2-0: Foul Ball, location: 2F
2-1: Ball
3-1: Base on Balls
Leonard O'Connor to third
Aurelio Vázquez to second
Batting: RHB Júlio Morín 0-0: Ball
1-0: Called Strike
1-1: Fly out, F8 (Flyball, 8LM)
Runner from 3rd tags up, SCORES, no throw
Batting: RHB Brad Brown 0-0: Fly out, F9 (Flyball, 9LM)
Batting: LHB William Davis 0-0: Called Strike
0-1: Swinging Strike
0-2: Ball
1-2: Ball
2-2: Foul Ball, location: 2F
2-2: Foul Ball, location: 2F
2-2: Fly out, F7 (Flyball, 78M)
Bottom of the 1st over - 4 run(s), 2 hit(s), 1 error(s), 2 left on base; Lexington 0 - California 4
TOP OF THE 2ND
Lexington BC batting - Pitching for California Oceanliners : LHP William Davis
Batting: RHB Curt Phillips 0-0: Called Strike
0-1: Called Strike
0-2: Fly out, F9 (Flyball, 89S)
Batting: RHB Leonardo Sánchez 0-0: Called Strike
0-1: Ball
1-1: Ball
2-1: Ground out 1-3 (Groundball, 25)
Batting: RHB Juan Cabrera 0-0: Foul Ball, location: 2F
0-1: Ball
1-1: Fly out, F5 (Popup, 5F)
Top of the 2nd over - 0 run(s), 0 hit(s), 0 error(s), 0 left on base; Lexington 0 - California 4
BOTTOM OF THE 2ND
California Oceanliners batting - Pitching for Lexington BC : RHP John Hill
Batting: SHB Todd Schenkel 0-0: Ball
1-0: Ball
2-0: Swinging Strike
2-1: Bunted foul
2-2: Ball
3-2: Base on Balls
Batting: LHB Kelly Brown 0-0: Ball
1-0: Called Strike
1-1: Ground out 4-3 (Groundball, 4M)
Todd Schenkel to second
Batting: LHB Chris Gregory 0-0: Called Strike
Todd Schenkel steals 3rd base
0-1: Ball
1-1: Ball
2-1: Ball
3-1: Base on Balls
Pitching: RHP Irving Hansen
Batting: SHB Leonard O'Connor 0-0: Ball
1-0: Ball
2-0: SINGLE (Groundball, 4MD)
Todd Schenkel scores
Chris Gregory to second
Runner from 2nd tries for 3rd, SAFE, no throw or cutoff
Batting: RHB Aurelio Vázquez 0-0: Grounds into double play, 6-4-3 (Groundball, 6)
Bottom of the 2nd over - 1 run(s), 1 hit(s), 0 error(s), 1 left on base; Lexington 0 - California 5
TOP OF THE 3RD
Lexington BC batting - Pitching for California Oceanliners : LHP William Davis
Batting: RHB Ramiro Ibarra 0-0: Called Strike
0-1: Called Strike
0-2: Ball
1-2: Foul Ball, location: 2F
1-2: Foul Ball, location: 2F
1-2: Ball
2-2: Foul Ball, location: 2F
2-2: Strikes out swinging
Batting: RHB Jesús Morales 0-0: Called Strike
0-1: Ball
1-1: Foul Ball, location: 2F
1-2: Ball
2-2: Ball
3-2: Foul Ball, location: 2F
3-2: Strikes out swinging
Batting: SHB Irving Hansen 0-0: Called Strike
0-1: Called Strike
0-2: Ball
1-2: Ball
2-2: Strikes out looking
Top of the 3rd over - 0 run(s), 0 hit(s), 0 error(s), 0 left on base; Lexington 0 - California 5
BOTTOM OF THE 3RD
California Oceanliners batting - Pitching for Lexington BC : RHP Irving Hansen
Batting: LHB Nick Leonard 0-0: Ball
1-0: Fly out, F8 (Flyball, 8LS)
Batting: RHB Júlio Morín 0-0: Ball
1-0: Ball
2-0: Ball
3-0: Called Strike
3-1: Called Strike
3-2: Foul Ball, location: 2F
3-2: SINGLE (Groundball, 6S)
Batting: RHB Brad Brown 0-0: Grounds into double play, 4-6-3 (Groundball, 4)
Bottom of the 3rd over - 0 run(s), 1 hit(s), 0 error(s), 0 left on base; Lexington 0 - California 5
TOP OF THE 4TH
Lexington BC batting - Pitching for California Oceanliners : LHP William Davis
Batting: RHB Andre Dixon 0-0: Called Strike
0-1: Ball
1-1: Swinging Strike
1-2: Ball
2-2: Ball
3-2: Strikes out swinging
Batting: RHB José Álvarez 0-0: Ball
1-0: Called Strike
1-1: Foul Ball, location: 2F
1-2: Foul Ball, location: 2F
1-2: Fly out, F5 (Popup, 5)
Batting: RHB Júlio Gruzmán 0-0: Called Strike
0-1: Called Strike
0-2: Strikes out swinging
Top of the 4th over - 0 run(s), 0 hit(s), 0 error(s), 0 left on base; Lexington 0 - California 5
BOTTOM OF THE 4TH
California Oceanliners batting - Pitching for Lexington BC : RHP Irving Hansen
Batting: LHB William Davis 0-0: Fly out, F8 (Flyball, 8RM)
Batting: SHB Todd Schenkel 0-0: Called Strike
0-1: Foul Ball, location: 2F
0-2: Foul Ball, location: 2F
0-2: Ball
1-2: Ball
2-2: Foul Ball, location: 2F
2-2: Ground out 3-1 (Groundball, 34)
Batting: LHB Kelly Brown 0-0: Ball
1-0: Called Strike
1-1: Ball
2-1: SINGLE (Flyball, 9LS)
Batting: LHB Chris Gregory 0-0: Ball
1-0: DOUBLE (Line Drive, 78XD)
Kelly Brown to third
Batting: SHB Leonard O'Connor 0-0: Fly out, F5 (Popup, 5F)
Bottom of the 4th over - 0 run(s), 2 hit(s), 0 error(s), 2 left on base; Lexington 0 - California 5
TOP OF THE 5TH
Lexington BC batting - Pitching for California Oceanliners : LHP William Davis
Batting: RHB Curt Phillips 0-0: Ball
1-0: Called Strike
1-1: Ball
2-1: Ball
3-1: Base on Balls
Batting: RHB Leonardo Sánchez 0-0: Ball
1-0: Called Strike
1-1: Fly out, F5 (Line Drive, 5)
Batting: RHB Juan Cabrera 0-0: Ball
1-0: Called Strike
1-1: Called Strike
1-2: Strikes out looking
Batting: RHB Ramiro Ibarra 0-0: Called Strike
0-1: Called Strike
0-2: Fielders Choice at 2nd, 6-4 (Groundball, 6)
Top of the 5th over - 0 run(s), 0 hit(s), 0 error(s), 0 left on base; Lexington 0 - California 5
BOTTOM OF THE 5TH
California Oceanliners batting - Pitching for Lexington BC : RHP Irving Hansen
Batting: RHB Aurelio Vázquez 0-0: Ball
1-0: Ball
2-0: Called Strike
2-1: Called Strike
2-2: Ground out 5-3 (Groundball, 5S)
Batting: LHB Nick Leonard 0-0: Called Strike
0-1: Foul Ball, location: 2F
0-2: Ball
1-2: SINGLE (Line Drive, 34)
Batting: RHB Júlio Morín 0-0: Called Strike
0-1: Foul Ball, location: 2F
0-2: Foul Ball, location: 2F
0-2: Strikes out swinging
Batting: RHB Brad Brown 0-0: Ball
1-0: Fly out, F3 (Popup, 3S)
Bottom of the 5th over - 0 run(s), 1 hit(s), 0 error(s), 1 left on base; Lexington 0 - California 5
TOP OF THE 6TH
Lexington BC batting - Pitching for California Oceanliners : LHP William Davis
Batting: RHB Jesús Morales 0-0: Called Strike
0-1: Ball
1-1: Called Strike
1-2: Ball
2-2: Foul Ball, location: 2F
2-2: Strikes out swinging
Pinch Hitting: LHB Richard Peters 0-0: Ball
1-0: Ball
2-0: Called Strike
2-1: Called Strike
2-2: Strikes out swinging
Batting: RHB Andre Dixon 0-0: Ball
1-0: Ball
2-0: Foul Ball, location: 2F
2-1: Swinging Strike
2-2: Strikes out swinging
Top of the 6th over - 0 run(s), 0 hit(s), 0 error(s), 0 left on base; Lexington 0 - California 5
BOTTOM OF THE 6TH
California Oceanliners batting - Pitching for Lexington BC : RHP Irving Hansen
Pitching: RHP Del Lamb
Batting: LHB William Davis 0-0: Called Strike
0-1: Ball
1-1: Ball
2-1: Called Strike
2-2: Ball
3-2: Foul Ball, location: 2F
3-2: Ground out 4-3 (Groundball, 4)
Batting: SHB Todd Schenkel 0-0: SINGLE (Groundball, 23) (infield hit)
Batting: LHB Kelly Brown 0-0: Ball
1-0: Called Strike
1-1: Foul Ball, location: 2F
1-2: Strikes out looking
Batting: LHB Chris Gregory 0-0: Called Strike
0-1: Ball
1-1: SINGLE (Line Drive, 6D)
Todd Schenkel to second
Batting: SHB Leonard O'Connor 0-0: Ball
1-0: Called Strike
1-1: Ball
2-1: Ball
3-1: Base on Balls
Todd Schenkel to third
Chris Gregory to second
Batting: RHB Aurelio Vázquez 0-0: Ball
1-0: Ball
2-0: Foul Ball, location: 2F
2-1: Called Strike
2-2: Fly out, F8 (Line Drive, 8LXD)
Bottom of the 6th over - 0 run(s), 2 hit(s), 0 error(s), 3 left on base; Lexington 0 - California 5
TOP OF THE 7TH
Lexington BC batting - Pitching for California Oceanliners : LHP William Davis
Now at C: Andrew Baker
Batting: RHB José Álvarez 0-0: Foul Ball, location: 2F
0-1: Ball
1-1: Ball
2-1: Ball
3-1: Bunt for hit - play at first, batter OUT! 5-3
Batting: RHB Júlio Gruzmán 0-0: Ball
1-0: Foul Ball, location: 2F
1-1: Foul Ball, location: 2F
1-2: Fly out, F9 (Line Drive, 9M)
Batting: RHB Curt Phillips 0-0: Called Strike
0-1: Ball
1-1: Foul Ball, location: 2F
1-2: Strikes out looking
Top of the 7th over - 0 run(s), 0 hit(s), 0 error(s), 0 left on base; Lexington 0 - California 5
BOTTOM OF THE 7TH
California Oceanliners batting - Pitching for Lexington BC : RHP Del Lamb
Batting: LHB Nick Leonard 0-0: Ground out 4-3 (Groundball, 13)
Batting: RHB Júlio Morín 0-0: Ball
1-0: Ground out 6-3 (Groundball, 6)
Batting: RHB Brad Brown 0-0: Called Strike
0-1: Ball
1-1: Ball
2-1: Ground out 5-3 (Groundball, 56)
Bottom of the 7th over - 0 run(s), 0 hit(s), 0 error(s), 0 left on base; Lexington 0 - California 5
TOP OF THE 8TH
Lexington BC batting - Pitching for California Oceanliners : LHP William Davis
Batting: RHB Leonardo Sánchez 0-0: Called Strike
0-1: Fly out, F6 (Popup, 4M)
Batting: RHB Juan Cabrera 0-0: Called Strike
0-1: Foul Ball, location: 2F
0-2: Ground out 6-3 (Groundball, 6)
Batting: RHB Ramiro Ibarra 0-0: Ball
1-0: Called Strike
1-1: Ball
2-1: Foul Ball, location: 2F
2-2: Strikes out swinging
Top of the 8th over - 0 run(s), 0 hit(s), 0 error(s), 0 left on base; Lexington 0 - California 5
BOTTOM OF THE 8TH
California Oceanliners batting - Pitching for Lexington BC : RHP Del Lamb
Batting: LHB William Davis 0-0: Swinging Strike
0-1: Ball
1-1: Swinging Strike
1-2: Foul Ball, location: 2F
1-2: Ball
2-2: Ball
3-2: SINGLE (Line Drive, 8LS)
Batting: SHB Todd Schenkel 0-0: Ball
1-0: Fly out, F9 (Line Drive, 9D)
Batting: SHB Andrew Baker 0-0: Ball
1-0: Ball
2-0: Ball
3-0: Called Strike
3-1: Base on Balls
William Davis to second
Batting: LHB Chris Gregory 0-0: Foul Ball, location: 2F
0-1: Ball
1-1: Fielders Choice at 2nd, 6-4 (Groundball, 6M)
William Davis to third
Batting: SHB Leonard O'Connor 0-0: Ground out 4-3 (Groundball, 4)
Bottom of the 8th over - 0 run(s), 1 hit(s), 0 error(s), 2 left on base; Lexington 0 - California 5
TOP OF THE 9TH
Lexington BC batting - Pitching for California Oceanliners : LHP William Davis
Batting: RHB Jesús Morales 0-0: Ball
1-0: Foul Ball, location: 2F
1-1: Ball
2-1: Swinging Strike
2-2: Foul Ball, location: 2F
2-2: Ball
3-2: Foul Ball, location: 2F
3-2: Foul Ball, location: 2F
3-2: Foul Ball, location: 2F
3-2: Base on Balls
Pinch Hitting: LHB Brad Elmore 0-0: Called Strike
0-1: Swinging Strike
0-2: Foul Ball, location: 2F
0-2: Ball
1-2: Strikes out swinging
Batting: RHB Andre Dixon 0-0: Ball
1-0: Ball
2-0: Ball
3-0: Called Strike
3-1: Called Strike
3-2: Strikes out looking
Batting: RHB José Álvarez 0-0: Ball
1-0: Called Strike
1-1: Fly out, F8 (Flyball, 6MD)
Top of the 9th over - 0 run(s), 0 hit(s), 0 error(s), 1 left on base; Lexington 0 - California 5
This league is powered by Out of the Park Baseball, the baseball management simulation game for PC, Mac and Linux
Saturday, February 27th, 2021 - OOTP Baseball 15.6 Build 34